 Dungeon Crawl Stone Soup version 0.28-a0-518-g36894cfc38 (webtiles) character file.

Game seed: 7302323451687019124

847 Murumi the Chucker (level 8, -7/78 HPs)
             Began as an Ogre Gladiator on Sept 23, 2021.
             Mangled by a yak (15 damage)
             ... on level 5 of the Dungeon.
             The game lasted 00:18:28 (5212 turns).

Murumi the Chucker (Ogre Gladiator)                 Turns: 5212, Time: 00:18:28

Health: -7/78      AC:  4    Str: 16 (19) XL:     8   Next: 0%
Magic:  8/8        EV: 10    Int: 10 (11) God:
Gold:   113        SH:  0    Dex:  7 (10) Spells: 7/7 levels left

rFire   . . .      SeeInvis .   o - +2 whip (freeze)
rCold   . . .      Faith    .   (no shield)
rNeg    . . .      Spirit   .   b - +0 robe
rPois   .          Reflect  .   c - +1 hat
rElec   .          Harm     .   (no cloak)
rCorr   .          Rampage  .   (gloves unavailable)
Will    .....                   (boots unavailable)
Stlth   ++........              d - amulet of regeneration
HPRegen 1.23/turn               (no ring)
MPRegen 0.11/turn               (no ring)

@: very slightly contaminated
A: large, unfitting armour, tough skin 1
a: no special abilities


You were on level 5 of the Dungeon.
You visited 1 branch of the dungeon, and saw 5 of its levels.

You collected 113 gold pieces.

Inventory:

Hand Weapons
 a - a +0 flail
 o - a +2 whip of freezing (weapon)
Missiles
 e - 30 poisoned darts (quivered)
 f - 5 boomerangs
 h - 3 silver boomerangs
 u - 3 stones
Armour
 b - a +0 robe (worn)
 c - a +1 hat (worn)
Jewellery
 d - an amulet of regeneration (around neck)
Wands
 n - a wand of flame (38)
Scrolls
 m - 2 scrolls of teleportation
 q - a scroll of enchant armour
 r - a scroll of blinking
Potions
 i - a potion of resistance
 k - a potion of brilliance
 p - a potion of curing


   Skills:
 - Level 4.0 Fighting
 + Level 4.3 Maces & Flails
 - Level 5.0 Throwing
 - Level 3.0 Dodging
 - Level 4.0 Stealth
 - Level 2.0 Evocations


You had 7 spell levels left.
You didn't know any spells.
Your spell library was empty.

Dungeon Overview and Level Annotations

Branches:
Dungeon (5/15)
 Temple: D:4-7

Altars:
Makhleb
Vehumet


Innate Abilities, Weirdness & Mutations

You are too large for most types of armour.
You have tough skin. (AC +1)


Message History

The yak is severely wounded.
The yak gores you but does no damage.
You hit the yak. You freeze the yak.
The yak is severely wounded.
You flicker for a moment.
The yak gores you! The yak gores you but does no damage.
You hit the yak but do no damage.
The yak is severely wounded.
The yak barely misses you. x2
You strike the helpless yak from behind!
You hit the yak. You freeze the yak.
The yak is almost dead.
The yak closely misses you.
You strike the helpless yak from behind!
You hit the yak. You freeze the yak.
The yak is lightly wounded.
The yak gores you but does no damage.
You hit the yak but do no damage.
The yak is lightly wounded.
The yak barely misses you.
You hit the yak. You freeze the yak.
The yak is lightly wounded.
The yak gores you!
You strike the helpless yak from behind!
You hit the yak. You freeze the yak.
The yak is moderately wounded.
You strike the helpless yak from behind!
You hit the yak but do no damage.
The yak is almost dead.
You flicker back into view.
The yak gores you!
* * * LOW HITPOINT WARNING * * *
You barely miss the yak.
The yak is almost dead.
The yak gores you!
* * * LOW HITPOINT WARNING * * *
You hit the yak. You freeze the yak.
You kill the yak!
The yak gores you!
You die...

#........##
#.........##
#..........##
#...........##
####...........## #
.####(..........# #.#
..#
###.........####...###
#.##
###......##..)(.....
##.##
###.....@Y##......
##†## ####)..####
..... #..####...####
.... ##.....#### ...
##..### .. ##.## Y
#.## # ##.# ###..#


You could see a yak.

Vanquished Creatures
  3 yaks (D:5)
  A necrophage (D:4)
  A scorpion (D:4)
  A jelly (D:4)
  3 hounds
  A bullfrog skeleton (D:4)
  3 iguanas
  A hound skeleton (D:4)
  4 gnolls (D:5)
  3 adders
  An ufetubus (D:5)
  5 dart slugs
  14 orcs
  9 endoplasms
  4 giant cockroaches
  7 hobgoblins
  5 jackals
  4 quokkas
  7 ball pythons
  3 bats
  4 goblins
  5 kobolds
  6 rats
95 creatures vanquished.

Vanquished Creatures (others)
  3 plants (D:4)
3 creatures vanquished.

Grand Total: 98 creatures vanquished

Notes
Turn   | Place    | Note
-------+----------+-------------------------------------------
     0 | D:1      | Murumi the Ogre Gladiator began the quest for the Orb.
     0 | D:1      | Reached XP level 1. HP: 22/22 MP: 1/1
   376 | D:1      | Reached XP level 2. HP: 30/31 MP: 2/2
   547 | D:1      | You fall into a shaft and drop 1 floor!
   614 | D:2      | Reached skill level 1 in Stealth
   614 | D:2      | Reached XP level 3. HP: 34/37 MP: 3/3
  2019 | D:3      | Reached XP level 4. HP: 41/45 MP: 4/4
  2509 | D:3      | Found a radiant altar of Vehumet.
  2512 | D:3      | You fall into a shaft and drop 2 floors!
  2512 | D:5      | Entered Level 5 of the Dungeon
  2746 | D:3      | Reached skill level 3 in Throwing
  2971 | D:4      | Reached skill level 1 in Evocations
  2971 | D:4      | Reached XP level 5. HP: 53/53 MP: 5/5
  3172 | D:4      | Reached skill level 4 in Throwing
  3716 | D:4      | Reached XP level 6. HP: 58/61 MP: 6/6
  4349 | D:4      | Found a burning altar of Makhleb.
  4670 | D:4      | Noticed a necrophage
  4688 | D:4      | Killed a necrophage
  4689 | D:4      | Reached XP level 7. HP: 66/70 MP: 7/7
  5094 | D:5      | Reached skill level 5 in Throwing
  5147 | D:5      | Noticed a yak
  5153 | D:5      | Noticed a yak
  5155 | D:5      | Noticed a yak
  5163 | D:5      | Noticed a yak
  5165 | D:5      | Killed a yak
  5184 | D:5      | Killed a yak
  5185 | D:5      | Reached XP level 8. HP: 30/78 MP: 8/8
  5212 | D:5      | Killed a yak
  5212 | D:5      | Mangled by a yak

Illustrated notes

Levels and vault maps discovered:
D:1:      lightli_arrival_isolated_outpost, layout_basic, minmay_hexomino_u4
D:2:      layout_basic, chequers_avenue, grunt_decor_clamped
D:3:      layout_basic, vehumet_altar_wand_db, amcnicky_mini_pool_small
D:4:      layout_cave_pods, mainiacjoe_overflow_chevrons, st_stairs_8
D:5:      layout_cave_pods, ebering_ghost_sewer_d

Skill      XL: |  1  2  3  4  5  6  7 |
---------------+----------------------+-----
Fighting       | 3 4 |  4.0
Maces & Flails | 3 4 |  4.3
Dodging        | 3 |  3.0
Stealth        | 1 2 3 4 |  4.0
Throwing       | 3 4 5 |  5.0
Evocations     | 1 2 |  2.0

Action                   |  1- 3 |  4- 6 |  7- 9 || total
-------------------------+-------+-------+-------++-------
Melee: Flail             |    65 |       |       ||    65
       Whip              |    30 |   186 |    94 ||   310
Throw: Stone             |    68 |    68 |    10 ||   146
       Throwing net      |     2 |     5 |     2 ||     9
       Dart              |       |    15 |     1 ||    16
       Boomerang         |       |     8 |       ||     8
  Use: Scroll            |     6 |     4 |       ||    10
       Potion            |       |     1 |     4 ||     5
 Stab: Held in net/web   |     1 |       |       ||     1
       Sleeping          |     1 |     5 |     1 ||     7
       Invisible         |       |       |     8 ||     8
Armor: Robe              |    20 |    36 |     9 ||    65
Dodge: Dodged            |    40 |    99 |    31 ||   170

Table legend: (Time is in decaauts)
 A = Elapsed time spent in this place.
 B = Non-inter-level travel time spent in this place.
 C = Inter-level travel time spent in this place.
 D = Time resting spent in this place.
 E = Time spent auto-exploring this place.
 F = Levels seen in this place.
 G = Mean time per level.
                   A        B        C        D        E       F      G
               +--------+--------+--------+--------+--------+-----+--------+
         Total |   5207 |   4816 |    391 |    408 |   3445 |   5 | 1041.4 |
       Dungeon |   5207 |   4816 |    391 |    408 |   3445 |   5 | 1041.4 |
               +--------+--------+--------+--------+--------+-----+--------+

Top non-repeatable levels by time:
     D:4: 1990 daAuts
     D:1: 1103 daAuts
     D:3: 996 daAuts
     D:2: 846 daAuts
     D:5: 270 daAuts
